 Dungeon Crawl Stone Soup version 0.25.1-2-g60ff931df9 (webtiles) character file.

Game seed: 8777011283869101656

18 DerDa the Frost Mage (level 2, 0/20 HPs)
             Began as a Gnoll Wanderer on Aug 21, 2020.
             Slain by a jackal (1 damage)
             ... on level 1 of the Dungeon.
             The game lasted 00:01:15 (802 turns).

DerDa the Frost Mage (Gnoll Wanderer)                Turns: 802, Time: 00:01:16

Health: 0/20       AC:  2    Str: 16    XL:     2   Next: 70%
Magic:  2/2        EV:  9    Int: 14    God:
Gold:   20         SH:  9    Dex: 12    Spells: 2/2 levels left

rFire    . . .     SeeInvis +   a - +0 club
rCold    + . .     Gourm    .   e - +0 kite shield
rNeg     . . .     Faith    .   d - +0 robe
rPois    .         Spirit   .   (helmet restricted)
rElec    .         Reflect  .   (no cloak)
rCorr    .         Harm     .   (no gloves)
MR       +....                  (no boots)
Stlth    +.........             (no amulet)
HPRegen  0.00/turn              h - ring of protection from cold
MPRegen  0.08/turn              (no ring)

@: no status effects
A: distributed training, antennae 1, fangs 1, see invisible, magic resistance 1,
inhibited regeneration, strong nose
a: no special abilities


You were on level 1 of the Dungeon.
You were not hungry.

You visited 1 branch of the dungeon, and saw 1 of its levels.

You collected 20 gold pieces.

Inventory:

Hand Weapons
 a - a +0 club (weapon)
Missiles
 b - 59 stones (quivered)
Armour
 d - a +0 robe (worn)
 e - a +0 kite shield (worn)
Jewellery
 h - a ring of protection from cold (left hand)
Scrolls
 c - a scroll of amnesia {unknown}
 i - a scroll of remove curse {unknown}
 k - a scroll of identify {unknown}
Comestibles
 f - a ration
 g - 4 chunks of flesh


   Skills:
 + Level 0.5 Fighting
 + Level 0.5 Short Blades
 + Level 0.5 Long Blades
 + Level 0.5 Axes
 + Level 0.5 Maces & Flails
 + Level 0.5 Polearms
 + Level 0.5 Staves
 + Level 0.5 Slings
 + Level 0.5 Bows
 + Level 0.5 Crossbows
 + Level 0.5 Throwing
 + Level 0.5 Armour
 + Level 0.5 Dodging
 + Level 0.5 Stealth
 + Level 4.5 Shields
 + Level 0.5 Unarmed Combat
 + Level 0.5 Spellcasting
 + Level 0.3 Conjurations
 + Level 0.3 Hexes
 + Level 0.3 Charms
 + Level 0.3 Summonings
 + Level 5.3 Necromancy
 + Level 0.3 Translocations
 + Level 0.3 Transmutations
 + Level 0.3 Fire Magic
 + Level 8.7 Ice Magic
 + Level 0.3 Air Magic
 + Level 0.3 Earth Magic
 + Level 0.3 Poison Magic
 + Level 0.6 Invocations
 + Level 0.5 Evocations


You had 2 spell levels left.
You didn't know any spells.
Your spell library contained the following spells:

 Spells                   Type           Power        Failure   Level  Hunger
 Freeze                   Ice            ###.         3%          1    ##.....
 Shock                    Conj/Air       #...         67%         1    ##.....
 Ozocubu's Armour         Chrm/Ice       ##......     43%         3    ####...
 Mephitic Cloud           Conj/Pois/Air  #.......     95%         3    ####...


Dungeon Overview and Level Annotations

Branches:
Dungeon (1/15)

Altars:


Innate Abilities, Weirdness & Mutations

Your experience applies equally to all skills.
You have very sharp teeth.
Your uncanny sense of smell can sniff out nearby items.
You have a pair of small antennae on your head.
You have supernaturally acute eyesight. (SInv)
You are resistant to hostile enchantments. (MR+)
You do not regenerate when monsters are visible.


Message History

You hit the jackal.
You kill the jackal!
You hit the jackal.
The jackal is severely wounded.
The jackal bites you.
* * * LOW HITPOINT WARNING * * *
You block the jackal's attack.
You hit the jackal.
You kill the jackal!
The frilled lizard barely misses you.
It was a potion of mutation.
You feel extremely strange.
Your vision sharpens.
Your regeneration stops near monsters.
A pair of antennae grows on your head!
You feel resistant to hostile enchantments.
You block the frilled lizard's attack.
You hit the frilled lizard.
You kill the frilled lizard!
The jackal closely misses you.
You barely miss the jackal. The jackal bites you.
You die...

# # ## .# ∆ . .#
########.... .##
#...@h.....# ..#
#######.########.#
#.## #.......#
#..####.......##
..................
##.####.......####
∆ ##..#
#..........
..#.###....^..###
#.#..#####.##.#


You could see a jackal.

Vanquished Creatures
  A dart slug (D:1)
  2 bats (D:1)
  2 goblins (D:1)
  3 hobgoblins (D:1)
  3 jackals (D:1)
  2 frilled lizards (D:1)
  A kobold (D:1)
  A rat (D:1)
15 creatures vanquished.

Notes
Turn   | Place    | Note
-------+----------+-------------------------------------------
     0 | D:1      | DerDa the Gnoll Wanderer began the quest for the Orb.
     0 | D:1      | DerDa set off with the following items: a +0 club, a +0
                  | robe, a +0 kite shield, a ration; and the following spells
                  | available to memorise: Freeze, Ozocubu's Armour, Shock,
                  | Mephitic Cloud
     0 | D:1      | Reached XP level 1. HP: 13/13 MP: 1/1
   155 | D:1      | Reached XP level 2. HP: 16/19 MP: 2/2
   798 | D:1      | HP: 1/20 [jackal (1)]
   800 | D:1      | Gained mutation: You have supernaturally acute eyesight.
                  | (SInv) [potion of mutation]
   800 | D:1      | Gained mutation: You do not regenerate when monsters are
                  | visible. [potion of mutation]
   800 | D:1      | Gained mutation: You have a pair of small antennae on your
                  | head. [potion of mutation]
   800 | D:1      | Gained mutation: You are resistant to hostile enchantments.
                  | (MR+) [potion of mutation]
   802 | D:1      | Slain by a jackal

Illustrated notes

Levels and vault maps discovered:
D:1:      minmay_arrival_plants_in_alcoves, layout_basic

Action                   || total
-------------------------++-------
Melee: Club              ||    86
       Bite              ||    12
  Use: Potion            ||     1
 Stab: Sleeping          ||     1
Armor: Robe              ||    19
Dodge: Dodged            ||    40
Block: Kite shield       ||    45
